 Dungeon Crawl Stone Soup version 0.28-a0-852-gbbce81c95b (webtiles) character file.

Game seed: 6922873412563185505

142 Htamos the Skirmisher (level 4, 0/40 HPs)
             Began as a Demigod Fighter on Nov 15, 2021.
             Succumbed to a scorpion's poison
             ... on level 4 of the Dungeon.
             The game lasted 00:05:51 (3313 turns).

Htamos the Skirmisher (Demigod Fighter)             Turns: 3313, Time: 00:05:51

Health: 0/40       AC:  9    Str: 17    XL:     4   Next: 75%
Magic:  6/6        EV:  9    Int: 10    God:
Gold:   182        SH:  5    Dex: 17    Spells: 3/3 levels left

rFire   . . .      SeeInvis .   a - +0 war axe
rCold   . . .      Faith    .   c - +0 buckler
rNeg    . . .      Spirit   .   b - +0 scale mail
rPois   .          Reflect  .   m - +0 helmet
rElec   .          Harm     .   v - scarf {repulsion}
rCorr   .          Rampage  .   i - +0 pair of gloves
Will    .....                   (no boots)
Stlth   ..........              (no amulet)
HPRegen 0.13/turn               (no ring)
MPRegen 0.10/turn               (no ring)

@: mighty, lethally poisoned (0 -> -2), repel missiles
A: high mp 1, forlorn
a: no special abilities


You were on level 4 of the Dungeon.
You visited 1 branch of the dungeon, and saw 5 of its levels.

You collected 182 gold pieces.

Inventory:

Hand Weapons
 a - a +0 war axe (weapon)
Missiles
 f - 174 stones (quivered)
 w - 2 throwing nets
Armour
 b - a +0 scale mail (worn)
 c - a +0 buckler (worn)
 i - a +0 pair of gloves (worn)
 m - a +0 helmet (worn)
 s - a scarf of shadows
 v - a scarf of repulsion (worn)
Wands
 r - a wand of charming (1)
Scrolls
 k - 2 scrolls of blinking {unknown}
 l - 4 scrolls of identify {unknown}
 n - 2 scrolls of teleportation {unknown}
 o - 3 scrolls of enchant armour {unknown}
 q - 2 scrolls of magic mapping {unknown}
 t - a scroll of brand weapon {unknown}
 u - a scroll of fear {unknown}
Potions
 g - 4 potions of flight
 j - a potion of haste


   Skills:
 * Level 3.6 Fighting
 * Level 3.0 Axes
 + Level 3.1 Armour
 + Level 1.2 Dodging
 + Level 3.1 Shields


You had 3 spell levels left.
You didn't know any spells.
Your spell library contained the following spells:

 Spells                   Type           Power      Damage    Failure   Level
 Sandblast                Erth           0%         2d4       80%         1
 Passwall                 Tmut/Erth      0%         N/A       91%         2
 Stone Arrow              Conj/Erth      0%         3d7       99%         3


Dungeon Overview and Level Annotations

Branches:
Dungeon (5/15)             Temple (0/1) D:4


Innate Abilities, Weirdness & Mutations

Your attributes grow dramatically as you level up.
You have an increased reservoir of magic. (+10% MP)
You shall have no god before yourself.


Message History

Press: ? - help, Shift-Dir - straight line, f - scorpion
Aim: a scorpion (almost dead, chance to affect: 46%)
The scorpion resists with some effort.
Your extra speed is starting to run out.
* * * LOW HITPOINT WARNING * * *
You feel sick.
The scorpion stings you but does no damage.
Unknown command.
Aiming: Charm
Press: ? - help, Shift-Dir - straight line, f/p - scorpion
Aim: a scorpion (almost dead, chance to affect: 46%)
The scorpion is charmed.
* * * LOW HITPOINT WARNING * * *
You feel sick.
Unknown command.
Unknown command.
* * * LOW HITPOINT WARNING * * *
You feel sick.
You climb upwards.
* * * LOW HITPOINT WARNING * * *
You feel sick.
There is a stone staircase leading down here.
Unknown command.
Okay, then.
As you read the scroll labelled ACUTYL EMOGOG, it crumbles to dust.
The scroll dissolves into smoke.
It was a scroll of fog.
* * * LOW HITPOINT WARNING * * *
You feel sick.
As you read the scroll labelled TELIQISUOK, it crumbles to dust.
Your body is wracked with pain!
* * * LOW HITPOINT WARNING * * *
It was a scroll of torment.
* * * LOW HITPOINT WARNING * * *
You feel sick.
* * * LOW HITPOINT WARNING * * *
You feel sick.
* * * LOW HITPOINT WARNING * * *
You feel sick.
You feel yourself slow down.
You die...

........................#
####.####.###.########..#
#.# #......# #..#
####.########..##### #..#
...................# #..#
)###..######...###.# #..#
.##...# #...###§###..#
....#.# #.....§§§§§§.#
.##.#.######....@.§s§§§.#
...........#.#####§#§#..#
###......#.#.# #.#§#..#
....#.##.#.#.#####.#§#..#
..#.#.##....#......######
..#.#.##.#.#>#####.# ♣♣###
..............†....#♣###.♣P#
#.#.#....(..<....###♣...P.♣
..................#♣.P...P#♣


You could see a friendly scorpion (charmed).

Vanquished Creatures
  A kobold brigand (D:4)
  An iguana (D:4)
  3 adders
  2 adder skeletons (D:4)
  A worm (D:3)
  3 dart slugs
  An orc (D:4)
  2 endoplasms
  2 giant cockroaches
  5 goblins
  7 hobgoblins
  2 jackals (D:3)
  3 quokkas
  7 ball pythons
  A bat (D:1)
  3 frilled lizards
  4 kobolds
  A quokka skeleton (D:4)
  10 rats
59 creatures vanquished.

Vanquished Creatures (collateral kills)
  3 kobolds (D:4)
3 creatures vanquished.

Vanquished Creatures (others)
  9 plants (D:4)
9 creatures vanquished.

Grand Total: 71 creatures vanquished

Notes
Turn   | Place    | Note
-------+----------+-------------------------------------------
     0 | D:1      | Htamos the Demigod Fighter began the quest for the Orb.
     0 | D:1      | Reached XP level 1. HP: 18/18 MP: 3/3
   497 | D:1      | Reached XP level 2. HP: 25/25 MP: 4/4
  1206 | D:2      | Reached XP level 3. HP: 28/31 MP: 5/5
  2680 | D:4      | Reached XP level 4. HP: 38/38 MP: 6/6
  2860 | D:4      | Found a staircase to the Ecumenical Temple.
  2882 | D:4      | Reached skill level 1 in Dodging
  3008 | D:4      | Noticed a kobold brigand
  3034 | D:4      | Killed a kobold brigand
  3144 | D:5      | Entered Level 5 of the Dungeon
  3310 | D:4      | HP: 2/40 [poisoned by a scorpion]
  3313 | D:4      | Succumbed to a scorpion's poison

Illustrated notes

Levels and vault maps discovered:
D:1:      co_arrival_two_rings, layout_basic,
          shapermc_ecumenical_altar_hornbeckon, minivault_5
D:2:      layout_rooms, serial_corexii_hall, chequers_hall_statues_corner_a,
          corexii_hall_statues_t
D:3:      layout_basic
D:4:      layout_loops_ring, minmay_temple_entry_stoned_glass,
          roderic_three_in_a_row, st_stairs_7, lexackson_kobold_supper
D:5:      layout_basic, makhleb_grotto_becter, gammafunk_ghost_cemetery

Skill      XL: |  1  2  3  4 |
---------------+-------------+-----
Axes           | 2 3 |  3.0
Fighting       | 3 |  3.6
Armour         | 3 |  3.1
Shields        | 3 |  3.1
Dodging        | 1 |  1.2

Action                   |  1- 3 |  4- 6 || total
-------------------------+-------+-------++-------
Melee: War axe           |   129 |    55 ||   184
Evoke: Wand              |       |     3 ||     3
  Use: Potion            |       |     4 ||     4
       Scroll            |       |     2 ||     2
Armor: Scale mail        |    52 |    29 ||    81
Dodge: Dodged            |    55 |    29 ||    84
Block: Buckler           |    28 |     9 ||    37

Table legend: (Time is in decaauts)
 A = Elapsed time spent in this place.
 B = Non-inter-level travel time spent in this place.
 C = Inter-level travel time spent in this place.
 D = Time resting spent in this place.
 E = Time spent auto-exploring this place.
 F = Levels seen in this place.
 G = Mean time per level.
                   A        B        C        D        E       F      G
               +--------+--------+--------+--------+--------+-----+--------+
         Total |   3378 |   3184 |    194 |      0 |   2551 |   5 |  675.6 |
       Dungeon |   3378 |   3184 |    194 |      0 |   2551 |   5 |  675.6 |
               +--------+--------+--------+--------+--------+-----+--------+

Top non-repeatable levels by time:
     D:1: 1117 daAuts
     D:4: 830 daAuts
     D:3: 809 daAuts
     D:2: 572 daAuts
     D:5: 48 daAuts
